 Dungeon Crawl Stone Soup version 0.31-a0-1206-g41278d8d1d (webtiles) character file.

Game seed: 7706979857592502448

62977 JumbleTraveling the Prestidigitator (level 15, -20/112 (116) HPs)
             Began as a Gnoll Artificer on Dec 14, 2023.
             Was the Champion of Cheibriados.
             Killed by the air
             ... invoked by Gastronok
              (24 damage)
             ... on level 1 of the Orcish Mines.
             The game lasted 02:14:04 (18416 turns).

JumbleTraveling the Prestidigitator (GnAr)         Turns: 18416, Time: 02:14:05

HP:   -20/112 (116) AC: 22    Str: 33    XL:     15   Next: 8%
MP:   5/9           EV: 37    Int: 32    God:    Cheibriados [******]
Gold: 1430          SH: 16    Dex: 29    Spells: 34/34 levels left

rFire   + . .        m - +9 eveningstar "Zyics" {antimagic, ^Contam Str+2 Int+2}
rCold   + . .        D - +2 kite shield
rNeg    . . .        g - +1 steam dragon scales
rPois   +            X - +2 helmet {Int+3}
rElec   +            i - +2 cloak {rCorr}
rCorr   +            O - +2 pair of gloves
SInv    .            a - +2 pair of boots
Will    +....        B - amulet of regeneration
Stlth   +++++        n - ring of the Hare {EV+10}
HPRegen 1.18/turn    b - +5 ring of evasion
MPRegen 0.11/turn

%: no passive effects
@: resistant, marked, lightly drained, very slow
A: fangs 1, strong nose, distributed training
a: Renounce Religion, Bend Time, Temporal Distortion, Slouch, Step From Time


You were on level 1 of the Orcish Mines.
You worshipped Cheibriados.
Cheibriados was exalted by your worship.
You visited 4 branches of the dungeon, and saw 21 of its levels.
You also visited: Volcano.

You collected 1709 gold pieces.
You spent 279 gold pieces at shops.

Inventory:

Hand Weapons
 m - the +9 eveningstar "Zyics" (weapon) {antimagic, ^Contam Str+2 Int+2}
   (You acquired it on level 9 of the Dungeon)

   Str+2:     It affects your strength (+2).
   Int+2:     It affects your intelligence (+2).
   ^Contam:   It causes magical contamination when unequipped.
Armour
 a - a +2 pair of boots (worn)
 g - +1 steam dragon scales (worn)
 i - a +2 cloak of preservation (worn)
 q - a +1 ring mail of fire resistance
 D - a +2 kite shield (worn)
 L - +0 fire dragon scales
 O - a +2 pair of gloves (worn)
 X - a +2 helmet of intelligence (worn)
Jewellery
 b - a +5 ring of evasion (right hand)
 n - the ring of the Hare (left hand) {EV+10}
   (You found it on level 4 of the Lair of Beasts)

   [ring of evasion]

   EV+10:     It affects your evasion (+10).
 r - a ring of protection from cold
 x - the ring of Rokeh {rF+ Str+5}
   (You found it on level 13 of the Dungeon)

   [ring of protection from fire]

   Str+5:     It affects your strength (+5).
   rF+:       It protects you from fire.
 A - a ring of fire
 B - an amulet of regeneration (around neck)
 I - a ring of resist corrosion
 S - a ring of protection from cold
 T - a ring of willpower
 W - a ring of willpower
Wands
 c - a wand of flame (3)
 d - a wand of charming (30)
 e - a wand of iceblast (1)
 o - a wand of polymorph (6)
 C - a wand of mindburst (17)
 K - a wand of roots (17)
 V - a wand of light (2)
Scrolls
 k - 4 scrolls of fear
 p - 4 scrolls of vulnerability
 s - 4 scrolls of brand weapon
 u - 3 scrolls of enchant weapon
 v - 3 scrolls of teleportation
 w - 2 scrolls of blinking
 y - a scroll of immolation {unknown}
 E - a scroll of poison
 F - a scroll of enchant armour
 H - a scroll of summoning {unknown}
 P - a scroll of revelation {unknown}
 Q - 2 scrolls of fog {unknown}
 R - a scroll of amnesia {unknown}
 U - 2 scrolls of silence {unknown}
 Z - a scroll of noise {unknown}
Potions
 f - 9 potions of heal wounds
 h - 4 potions of might
 j - 6 potions of curing
 l - a potion of ambrosia
 t - 2 potions of enlightenment
 z - 2 potions of invisibility
 G - a potion of mutation
 J - 3 potions of attraction
 M - a potion of lignification
 N - 3 potions of cancellation
 Y - a potion of resistance


   Skills:
 + Level 10.3 Fighting
 + Level 10.0 Short Blades
 + Level 10.0 Long Blades
 + Level 10.0 Axes
 + Level 10.0 Maces & Flails
 + Level 10.0 Polearms
 + Level 10.0 Staves
 + Level 10.0 Ranged Weapons
 + Level 10.0 Throwing
 + Level 11.0 Armour
 + Level 10.3 Dodging
 + Level 10.2 Stealth
 + Level 10.0 Shields
 + Level 10.0 Unarmed Combat
 + Level 10.0 Spellcasting
 + Level 8.3 Conjurations
 + Level 8.3 Hexes
 + Level 8.3 Summonings
 + Level 8.3 Necromancy
 + Level 8.3 Translocations
 + Level 8.3 Transmutations
 + Level 8.3 Fire Magic
 + Level 8.3 Ice Magic
 + Level 8.3 Air Magic
 + Level 8.3 Earth Magic
 + Level 8.3 Poison Magic
 + Level 10.8 Invocations
 + Level 11.8 Evocations
 + Level 9.1 Shapeshifting


You had 34 spell levels left.
You didn't know any spells.
Your spell library contained the following spells:

 Spells                   Type           Power      Damage    Failure   Level
 Magic Dart               Conj           100%       1d8       1%          1
 Slow                     Hex            100%       N/A       1%          1
 Summon Small Mammal      Summ           100%       N/A       1%          1
 Call Imp                 Summ           100%       N/A       1%          2
 Searing Ray              Conj           100%       2d8       1%          2
 Call Canine Familiar     Summ           62%        N/A       1%          3
 Confusing Touch          Hex            62%        N/A       1%          3
 Frozen Ramparts          Ice            100%       1d16      1%          3
 Gell's Gravitas          Tloc           62%        N/A       1%          3
 Mephitic Cloud           Conj/Pois/Air  62%        N/A       1%          3
 Sigil of Binding         Hex            62%        N/A       1%          3
 Stone Arrow              Conj/Erth      100%       3d13      1%          3
 Summon Guardian Golem    Hex/Summ       62%        N/A       1%          3
 Teleport Other           Tloc           62%        N/A       1%          3
 Vampiric Draining        Necr           62%        2d10      1%          3
 Animate Armour           Summ/Erth      100%       N/A       1%          4
 Fulminant Prism          Conj/Hex       31%        3d15      1%          4
 Manifold Assault         Tloc           62%        N/A       1%          4
 Olgreb's Toxic Radiance  Pois           62%        N/A       1%          4
 Petrify                  Tmut/Erth      62%        N/A       1%          4
 Summon Lightning Spire   Summ/Air       62%        N/A       1%          4
 Lee's Rapid Deconstruct  Erth           31%        3d16*     4%          5
 Metabolic Englaciation   Hex/Ice        31%        N/A       4%          5
 Dispersal                Tloc           31%        N/A       22%         6
 Discord                  Hex            31%        N/A       100%        8
 Disjunction              Tloc           31%        N/A       100%        8
 Ignition                 Fire           31%        3d10      100%        8
 Lehudib's Crystal Spear  Conj/Erth      31%        10d8      100%        8


Dungeon Overview and Level Annotations

Branches:
Dungeon (13/15) Zot: 37075  Temple (1/1) D:4 Zot: 8820    Lair (5/5) D:11 Zot: 34035
  Swamp (0/4) Lair:3       Spider (0/4) Lair:3        Slime (0/5) Lair:4
    Orc (2/2) D:9 Zot: 17223     Elf (0/3) Orc:2        Vaults (0/5) D:13
Volcano (visited)

Altars:
Ashenzari
Cheibriados
Dithmenos
Elyvilon
Fedhas
Gozag
Hepliaklqana
Kikubaaqudgha
Makhleb
Nemelex Xobeh
Okawaru
Qazlal
Ru
Sif Muna
Uskayaw
Vehumet
Wu Jian
Xom
Yredelemnul
Zin
The Shining One
Jiyva

Shops:
D:2 :   D:7 [   D:8 :   Orc:2 *

Annotations:
D:5 1 runed translucent door, Crazy Yiuf
D:7 exclusions: centaur and steam dragon
D:9 Maurice
Orc:1 Gastronok, Harold


Innate Abilities, Weirdness & Mutations

You have very sharp teeth.
Your uncanny sense of smell can sniff out nearby items.
Your experience applies equally to all skills.


Message History

You feel protected. Harold hits you with a +0 halberd!
An orc sorcerer comes into view. It is wielding a +0 dagger.
The orc sorcerer casts a spell.
The chaos spawn touches you but does no damage.
The chaos spawn stings you!
The chaos spawn draws strength from your injuries!
The orc sorcerer hits you but does no damage.
The hellwing swoops through the air toward you!
The hellwing hits you. x2; Harold hits you but does no damage.
The chaos spawn punches you.
You feel your power leaking away. The chaos spawn releases spores at you!
You are engulfed in flames.
You resist. The hellwing hits you. x2
The orc sorcerer hits you but does no damage.
An orc comes into view. It is wielding a +1 heavy flail.
Harold hits you with a +0 halberd!
The chaos spawn briefly grows a face disturbingly similar to your own.
The chaos spawn stings you but does no damage.
The chaos spawn bites you but does no damage.
The orc sorcerer casts a spell at you. The bolt of negative energy hits you!!
You feel drained.
* * * LOW HITPOINT WARNING * * *
The orc sorcerer mumbles some strange words.
Harold hits you with a +0 halberd!
* * * LOW HITPOINT WARNING * * *
The hellwing hits you but does no damage.
The hellwing hits you!
* * * LOW HITPOINT WARNING * * *
You can move again.
Blink to where?
Press: ? - help, Dir - move target
Okay, then.
Blink to where?
Press: ? - help, Dir - move target
As you read the scroll of blinking, it crumbles to dust.
Gastronok waves his eye-stalks in wide circles.
The air twists around and strikes you!!
You die...
Gastronok gurgles, "About time.
I'm starving!"

##..#....#.#.h............
#...........#o##...........
##.........#.@##.#.........
###........4.oo...........
###........w#..#.#......
#######.>...44....#......w
##.##.##.†.[).[...###......
#......##......h#.##.#.....
##.#..#.#.....[#@..........
##...).........).##.$.....
##..........(#.## ##.....
#####........#.## #...
##.##............# ..
#...............## #
##.##....#......#
#####..#......##
#....#...###


You could see Gastronok, Harold (magic disrupted), a hellwing (summoned), a
warg, an orc sorcerer, 2 chaos spawn and an orc.

Vanquished Creatures
  Jorgrun (D:12)
  A stone giant (Volcano)
  Nessos (Lair:5)
  A fire dragon (Lair:5)
  Fannar (D:10)
  5 hydras
  Erica (D:9)
  A centaur warrior (D:13)
  A death knight (D:11)
  3 two-headed ogres
  A vampire mage (Lair:4)
  A tengu warrior (D:11)
  2 lindwurms (Lair:5)
  5 ugly things
  An orc knight (D:11)
  An orc sorcerer (Orc:2)
  2 cyclopes
  9 elephants
  A torpor snail (Lair:3)
  A black mamba (shapeshifter) (D:13)
  8 black mambas
  7 cane toads
  3 molten gargoyles (Lair:5)
  A water nymph (shapeshifter) (D:13)
  3 gargoyles
  5 kobold demonologists
  2 efreet
  13 komodo dragons
  3 rime drakes
  A meliai (shapeshifter) (D:12)
  A tyrant leech (Lair:3)
  4 trolls
  5 polar bears
  21 blink frogs
  A hornet (Lair:1)
  Sigmund (D:4)
  A snapping turtle (D:11)
  3 slime creatures
  A centaur simulacrum (D:11)
  2 vampires
  A shadow (D:13)
  8 wyverns
  A wraith (D:12)
  3 steam dragons
  4 fire elementals (Volcano)
  55 yaks
  A human (Lair:4)
  4 redbacks (Lair:3)
  6 vampire mosquitoes
  8 basilisks
  A warg (Orc:1)
  3 swamp worms (Lair:3)
  4 acid dragons
  3 hell hounds (Lair:5)
  13 water moccasins
  12 orc warriors
  A sky beast (D:7)
  5 ice beasts
  A sky beast (shapeshifter) (D:13)
  4 ogres
  2 black bears
  3 wolves (Lair:1)
  7 centaurs
  A phantom (D:6)
  7 kobold brigands
  15 bullfrogs
  2 earth elementals (Volcano)
  2 gnoll sergeants
  2 scorpions
  9 wights
  4 killer bees (D:10)
  4 electric eels
  11 howler monkeys
  5 lava snakes (Lair:5)
  5 hounds
  11 orc priests
  12 hell rats
  An iguana (D:7)
  17 orc wizards
  A sleepcap (D:6)
  Natasha (thrice) (D:2)
  11 gnolls
  5 adders
  3 white imps
  2 ufetubi
  2 worms
  3 dart slugs
  60 orcs
  5 ball pythons
  7 bats
  7 endoplasms
  3 giant cockroaches
  8 goblins
  6 hobgoblins
  7 jackals
  2 quokkas
  3 frilled lizards
  23 kobolds
  4 rats
549 creatures vanquished.

Notes
Turn   | Place    | Note
-------+----------+-------------------------------------------
     0 | D:1      | JumbleTraveling the Gnoll Artificer began the quest for the
                  | Orb.
     0 | D:1      | Reached XP level 1. HP: 17/17 MP: 1/1
   270 | D:1      | Reached XP level 2. HP: 23/23 MP: 2/2
   659 | D:1      | Reached XP level 3. HP: 17/28 MP: 3/3
  1086 | D:2      | Reached skill level 1 in Invocations
  1196 | D:2      | Found a blossoming altar of Fedhas.
  1202 | D:2      | Reached skill level 1 in Short Blades
  1202 | D:2      | Reached skill level 1 in Long Blades
  1202 | D:2      | Reached skill level 1 in Axes
  1202 | D:2      | Reached skill level 1 in Maces & Flails
  1202 | D:2      | Reached skill level 1 in Polearms
  1202 | D:2      | Reached skill level 1 in Staves
  1202 | D:2      | Reached skill level 1 in Ranged Weapons
  1202 | D:2      | Reached skill level 1 in Throwing
  1202 | D:2      | Reached skill level 1 in Shields
  1202 | D:2      | Reached skill level 1 in Unarmed Combat
  1202 | D:2      | Reached skill level 1 in Spellcasting
  1208 | D:2      | Reached XP level 4. HP: 31/34 MP: 5/5
  1221 | D:2      | Reached skill level 1 in Shapeshifting
  1555 | D:2      | Found Nucar's Book Emporium.
  1594 | D:2      | Noticed Natasha
  1603 | D:2      | Killed Natasha
  1604 | D:2      | Reached skill level 1 in Conjurations
  1604 | D:2      | Reached skill level 1 in Hexes
  1604 | D:2      | Reached skill level 1 in Summonings
  1604 | D:2      | Reached skill level 1 in Necromancy
  1604 | D:2      | Reached skill level 1 in Translocations
  1604 | D:2      | Reached skill level 1 in Transmutations
  1604 | D:2      | Reached skill level 1 in Fire Magic
  1604 | D:2      | Reached skill level 1 in Ice Magic
  1604 | D:2      | Reached skill level 1 in Air Magic
  1604 | D:2      | Reached skill level 1 in Earth Magic
  1604 | D:2      | Reached skill level 1 in Poison Magic
  1928 | D:2      | Noticed Natasha
  1930 | D:2      | Killed Natasha
  1931 | D:2      | Reached XP level 5. HP: 40/40 MP: 5/7
  2157 | D:2      | Noticed Natasha
  2159 | D:2      | Killed Natasha
  2187 | D:2      | Found a blossoming altar of Fedhas.
  2650 | D:3      | Noticed an ice beast
  2663 | D:3      | Killed an ice beast
  2664 | D:3      | Reached skill level 5 in Armour
  2664 | D:3      | Reached XP level 6. HP: 40/47 MP: 8/8
  3026 | D:4      | Found a staircase to the Ecumenical Temple.
  3038 | Temple   | Entered the Ecumenical Temple
  3131 | Temple   | Became a worshipper of Cheibriados the Contemplative
  3255 | D:4      | Noticed Sigmund
  3262 | D:4      | Reached XP level 7. HP: 18/52 MP: 10/10
  3263 | D:4      | Killed Sigmund
  3586 | D:4      | Reached * piety under Cheibriados
  3931 | D:5      | Entered Level 5 of the Dungeon
  3973 | D:5      | Identified the +7 hammer "Oqeehuto" {flame, rN++ Str-2
                  | Stlth+}
  3977 | D:5      | Found a runed translucent door.
  3978 | D:5      | Noticed Crazy Yiuf
  4128 | D:5      | Reached XP level 8. HP: 60/60 MP: 12/12
  4723 | D:6      | Reached ** piety under Cheibriados
  5052 | D:6      | Reached XP level 9. HP: 63/66 MP: 14/14
  5485 | D:7      | Reached *** piety under Cheibriados
  5604 | D:7      | Reached skill level 5 in Fighting
  5604 | D:7      | Reached skill level 5 in Dodging
  5694 | D:7      | Reached skill level 5 in Stealth
  6008 | D:7      | Reached skill level 5 in Invocations
  6202 | D:7      | Found Xirphetzo's Armour Boutique.
  6211 | D:7      | Bought a +2 cloak of preservation for 279 gold pieces
  6584 | D:8      | Reached **** piety under Cheibriados
  6610 | D:8      | Found Jafue's Book Emporium.
  6689 | D:8      | Reached XP level 10. HP: 73/75 MP: 17/17
  6694 | D:8      | Noticed a two-headed ogre
  6713 | D:9      | Found a hide-covered altar of Uskayaw.
  6734 | D:9      | Reached skill level 5 in Short Blades
  6734 | D:9      | Reached skill level 5 in Long Blades
  6734 | D:9      | Reached skill level 5 in Axes
  6734 | D:9      | Reached skill level 5 in Maces & Flails
  6734 | D:9      | Reached skill level 5 in Polearms
  6734 | D:9      | Reached skill level 5 in Staves
  6734 | D:9      | Reached skill level 5 in Ranged Weapons
  6734 | D:9      | Reached skill level 5 in Throwing
  6734 | D:9      | Reached skill level 5 in Shields
  6734 | D:9      | Reached skill level 5 in Unarmed Combat
  6734 | D:9      | Reached skill level 5 in Spellcasting
  6751 | D:9      | Identified a scroll of acquirement
  6752 | D:9      | Acquired the +9 eveningstar "Zyics" {antimagic, ^Contam
                  | Str+2 Int+2}
  6933 | D:9      | Reached skill level 5 in Shapeshifting
  7059 | D:9      | Noticed Maurice
  7096 | D:9      | Reached ***** piety under Cheibriados
  7167 | D:9      | Found a staircase to the Orcish Mines.
  7288 | D:9      | Noticed Erica
  7297 | D:9      | Killed Erica
  7340 | D:9      | Noticed a kobold demonologist
  7342 | D:9      | Noticed a kobold demonologist
  7349 | D:9      | Killed a kobold demonologist
  7350 | D:9      | Reached XP level 11. HP: 79/83 MP: 6/19
  7358 | D:9      | Reached skill level 5 in Conjurations
  7358 | D:9      | Reached skill level 5 in Hexes
  7358 | D:9      | Reached skill level 5 in Summonings
  7358 | D:9      | Reached skill level 5 in Necromancy
  7358 | D:9      | Reached skill level 5 in Translocations
  7358 | D:9      | Reached skill level 5 in Transmutations
  7358 | D:9      | Reached skill level 5 in Fire Magic
  7358 | D:9      | Reached skill level 5 in Ice Magic
  7358 | D:9      | Reached skill level 5 in Air Magic
  7358 | D:9      | Reached skill level 5 in Earth Magic
  7358 | D:9      | Reached skill level 5 in Poison Magic
  7499 | D:10     | Entered Level 10 of the Dungeon
  7707 | D:10     | Noticed Fannar
  7816 | D:10     | Killed Fannar
  8299 | D:11     | Found a staircase to the Lair.
  8352 | D:11     | Noticed a boulder beetle
  8376 | D:11     | a boulder beetle changed into a snapping turtle
  8506 | D:11     | Noticed a two-headed ogre
  8558 | D:11     | Reached ****** piety under Cheibriados
  8728 | D:11     | Noticed a two-headed ogre
  8735 | D:11     | Noticed a purple ugly thing
  8735 | D:11     | Noticed a cyclops
  8882 | D:11     | Identified the ring of Lorin {Will+ Str+6 Dex+2}
  9270 | D:12     | Noticed a two-headed ogre
  9281 | D:12     | Killed a two-headed ogre
  9282 | D:12     | Reached XP level 12. HP: 77/91 MP: 7/22
  9417 | D:12     | Noticed Jorgrun
  9627 | D:12     | Noticed Sonja
  9671 | D:12     | Sonja changed into Sonja the blink frog
  9671 | D:12     | Noticed Sonja
  9681 | D:12     | Killed Sonja the blink frog
  9795 | Lair:1   | Entered Level 1 of the Lair of Beasts
 10520 | Lair:1   | Reached skill level 10 in Evocations
 10990 | Lair:2   | Identified the +5 flail of Reason {holy, *Rage rElec rPois
                  | rC+}
 11467 | Lair:2   | Reached XP level 13. HP: 99/99 MP: 7/25
 12095 | Lair:3   | Found a dark tunnel.
 12133 | Volcano  | Entered a volcano
 12210 | Volcano  | Noticed a stone giant
 12218 | Volcano  | Killed a stone giant
 12887 | Lair:3   | Found a hole to the Spider Nest.
 13413 | Lair:3   | Found a staircase to the Swamp.
 13815 | Lair:4   | Found the ring of the Hare {EV+10}
 13817 | Lair:4   | Found a viscous altar of Jiyva.
 13818 | Lair:4   | Found a staircase to the Slime Pits.
 13993 | Lair:4   | Reached skill level 10 in Armour
 14085 | Lair:4   | Found a runed translucent door.
 14550 | Lair:5   | Entered Level 5 of the Lair of Beasts
 14572 | Lair:5   | Reached XP level 14. HP: 108/108 MP: 9/27
 14785 | Lair:5   | Reached skill level 10 in Invocations
 14805 | Lair:5   | Found a large runed translucent door.
 14806 | Lair:5   | Found a large runed translucent door.
 15310 | Lair:5   | Noticed Nessos
 15318 | Lair:5   | Killed Nessos
 16203 | D:11     | Found a glowing silver altar of Zin.
 16204 | D:11     | Found an ornate altar of the Wu Jian Council.
 16204 | D:11     | Found a shimmering blue altar of Sif Muna.
 16204 | D:11     | Found a burning altar of Makhleb.
 16280 | D:11     | Reached skill level 10 in Fighting
 16280 | D:11     | Reached skill level 10 in Dodging
 16367 | D:11     | Identified the +5 long sword of Nibuys {vamp, rElec Will-
                  | Int+2 Dex+6}
 16370 | D:11     | Identified the +5 flail "Utir Snt" {chaos, rPois}
 16394 | D:11     | Reached skill level 10 in Stealth
 16416 | D:11     | Identified the +5 mace "Fumek" {flame, Fly rC++ Will- SInv}
 16606 | D:12     | Killed Jorgrun
 17079 | D:13     | Found a gate to the Vaults.
 17407 | D:13     | Identified the ring of Rokeh {rF+ Str+5}
 17448 | D:13     | Reached XP level 15. HP: 115/115 MP: 9/28
 17972 | Orc:1    | Entered Level 1 of the Orcish Mines
 18108 | Orc:1    | Noticed Gastronok
 18114 | Orc:1    | Noticed Harold
 18146 | Orc:2    | Entered Level 2 of the Orcish Mines
 18146 | Orc:2    | Found a staircase to the Elven Halls.
 18262 | Orc:2    | Found Sululip's Assorted Antiques.
 18364 | Orc:2    | Paralysed by an orc sorcerer for 3 turns
 18367 | Orc:2    | Noticed an orc warlord
 18373 | Orc:2    | Reached skill level 10 in Short Blades
 18373 | Orc:2    | Reached skill level 10 in Long Blades
 18373 | Orc:2    | Reached skill level 10 in Axes
 18373 | Orc:2    | Reached skill level 10 in Maces & Flails
 18373 | Orc:2    | Reached skill level 10 in Polearms
 18373 | Orc:2    | Reached skill level 10 in Staves
 18373 | Orc:2    | Reached skill level 10 in Ranged Weapons
 18373 | Orc:2    | Reached skill level 10 in Throwing
 18373 | Orc:2    | Reached skill level 10 in Shields
 18373 | Orc:2    | Reached skill level 10 in Unarmed Combat
 18373 | Orc:2    | Reached skill level 10 in Spellcasting
 18401 | Orc:1    | Paralysed by an orc sorcerer for 5 turns
 18411 | Orc:1    | Paralysed by an orc sorcerer for 4 turns
 18414 | Orc:1    | HP: 2/112 [hellwing[an orc sorcerer] (7)]
 18416 | Orc:1    | Killed from afar by Gastronok

Illustrated notes

Levels and vault maps discovered:
D:1:      dpeg_arrival_round_c, layout_basic, serial_corexii_hall,
          corexii_hall_statues_x, corexii_hall_statues_i,
          chequers_hall_statues_y
D:2:      layout_basic, basic_altar, serial_shops, nicolae_book_shop_shelving,
          uniq_natasha
D:3:      layout_basic
D:4:      layout_cave_pools, minmay_temple_entry_offerings,
          nicolae_zig_zag_zippers, uniq_sigmund
D:5:      layout_basic, uniq_crazy_yiuf_cottage
D:6:      layout_gridville
D:7:      layout_basic, serial_shops, nicolae_lakefront_shop
D:8:      layout_rooms, lemuel_doored_altar, serial_shops,
          nicolae_shop_waterfront, minivault_11
D:9:      layout_basic, mainiacjoe_overflow_small_starburst, orc_0_dummy,
          minmay_orc_keep, uniq_joseph, uniq_erica, uniq_maurice
D:10:     layout_basic, special_room [special_room_bee], corexii_checkpoint,
          uniq_fannar
D:11:     minmay_the_grid_octo_triangle [minmay_the_grid_octo_checkered,
          minmay_the_grid_octo_prize_single_spiral,
          minmay_the_grid_octo_shrine], layout_long_grid, nzn_sisyphean_effort
D:12:     layout_loops_corners, gauntlet_entry_generic, uniq_jorgrun, uniq_sonja
D:13:     layout_small_grid, david_vaults_2, nrook_campfire
Temple:   mainiacjoe_temple_cubbyholes
Lair:1:   layout_regular_city
Lair:2:   layout_chaotic_city, serial_bayou_lake_a
Lair:3:   layout_chaotic_city, palyth_hydra_swamp_entry, spider_nest_entry_webs,
          nicolae_volcano_entry_two_sided, grunt_megastairs_2,
          infiniplex_staircase_pool_2, serial_bayou_shore_a
Lair:4:   layout_regular_city, slime_entry_1, pdpol_lair_cabin_in_the_woods
Lair:5:   cheibrodos_lair_end_hotspot, layout_regular_city, uniq_nessos
Orc:1:    layout_caves, uniq_harold, uniq_erolcha, uniq_gastronok
Orc:2:    st_orc_ogre_mass, layout_caves, nooodl_orcs_dogs

Skill      XL: |  1  2  3  4  5  6  7  8  9 10 11 12 13 14 15 |
---------------+----------------------------------------------+-----
Invocations    | 1 2 3 4 5 6 7 8 9 10 | 10.8
Short Blades   | 1 2 3 4 5 6 8 9 10 | 10.0
Long Blades    | 1 2 3 4 5 6 8 9 10 | 10.0
Axes           | 1 2 3 4 5 6 8 9 10 | 10.0
Maces & Flails | 1 2 3 4 5 6 8 9 10 | 10.0
Polearms       | 1 2 3 4 5 6 8 9 10 | 10.0
Staves         | 1 2 3 4 5 6 8 9 10 | 10.0
Ranged Weapons | 1 2 3 4 5 6 8 9 10 | 10.0
Throwing       | 1 2 3 4 5 6 8 9 10 | 10.0
Shields        | 1 2 3 4 5 6 8 9 10 | 10.0
Unarmed Combat | 1 2 3 4 5 6 8 9 10 | 10.0
Spellcasting   | 1 2 3 4 5 6 8 9 10 | 10.0
Shapeshifting  | 1 2 3 4 5 6 7 8 9 |  9.1
Conjurations   | 1 2 3 4 5 6 7 8 |  8.3
Hexes          | 1 2 3 4 5 6 7 8 |  8.3
Summonings     | 1 2 3 4 5 6 7 8 |  8.3
Necromancy     | 1 2 3 4 5 6 7 8 |  8.3
Translocations | 1 2 3 4 5 6 7 8 |  8.3
Transmutations | 1 2 3 4 5 6 7 8 |  8.3
Fire Magic     | 1 2 3 4 5 6 7 8 |  8.3
Ice Magic      | 1 2 3 4 5 6 7 8 |  8.3
Air Magic      | 1 2 3 4 5 6 7 8 |  8.3
Earth Magic    | 1 2 3 4 5 6 7 8 |  8.3
Poison Magic   | 1 2 3 4 5 6 7 8 |  8.3
Fighting       | 3 4 5 6 7 8 9 10 | 10.3
Dodging        | 3 4 5 6 7 8 9 10 | 10.3
Armour         | 5 6 7 8 9 10 11 | 11.0
Stealth        | 3 4 5 6 7 8 9 10 | 10.2
Evocations     | 7 8 9 10 11 | 11.8

Action                     |  1- 3 |  4- 6 |  7- 9 | 10-12 | 13-15 || total
---------------------------+-------+-------+-------+-------+-------++-------
  Melee: Club              |    97 |       |       |       |       ||    97
         Bite              |    13 |    11 |    36 |    75 |   119 ||   254
         Whip              |    51 |   124 |       |       |       ||   175
         Punch             |     1 |     3 |     8 |       |       ||    12
         Short sword       |       |    47 |     5 |       |       ||    52
         Flail             |       |       |    44 |       |       ||    44
         Mace              |       |       |   225 |    24 |       ||   249
         Eveningstar       |       |       |       |   546 |   758 ||  1304
  Throw: Dart              |       |     7 |     4 |       |       ||    11
 Invoke: Temporal Distorti |       |       |       |     1 |       ||     1
  Evoke: Wand              |     2 |     8 |     5 |     8 |       ||    23
    Use: Scroll            |       |       |    11 |     8 |    13 ||    32
         Potion            |       |       |       |     2 |       ||     2
   Stab: Sleeping          |     4 |       |     8 |     7 |    19 ||    38
         Distracted        |       |       |       |     2 |     4 ||     6
 Armour: Leather armour    |    55 |       |       |       |       ||    55
         Ring mail         |    26 |    93 |   188 |    86 |   200 ||   593
         Steam dragon scal |       |       |    10 |   167 |   118 ||   295
  Dodge: Dodged            |   117 |    86 |   181 |   299 |   650 ||  1333
  Block: Kite shield       |       |       |    97 |   476 |   780 ||  1353

Table legend: (Time is in decaauts)
 A = Elapsed time spent in this place.
 B = Non-inter-level travel time spent in this place.
 C = Inter-level travel time spent in this place.
 D = Time resting spent in this place.
 E = Time spent auto-exploring this place.
 F = Levels seen in this place.
 G = Mean time per level.
                   A        B        C        D        E       F      G
               +--------+--------+--------+--------+--------+-----+--------+
         Total |  29377 |  17490 |  11887 |    984 |   8370 |  22 | 1335.3 |
       Dungeon |  16824 |  10443 |   6381 |    816 |   5094 |  13 | 1294.2 |
        Temple |    132 |     24 |    108 |      0 |      0 |   1 |  132.0 |
          Lair |  10960 |   6038 |   4922 |    160 |   3071 |   5 | 2192.0 |
  Orcish Mines |    776 |    301 |    475 |      8 |     51 |   2 |  388.0 |
       Volcano |    683 |    683 |      0 |      0 |    153 |   1 |  683.0 |
               +--------+--------+--------+--------+--------+-----+--------+

Top non-repeatable levels by time:
  Lair:5: 2728 daAuts
    D:12: 2425 daAuts
  Lair:1: 2213 daAuts
    D:11: 2205 daAuts
  Lair:3: 2184 daAuts
  Lair:4: 1922 daAuts
  Lair:2: 1911 daAuts
     D:7: 1773 daAuts
    D:13: 1544 daAuts
     D:9: 1407 daAuts
    D:10: 1150 daAuts
     D:2: 1139 daAuts
     D:6: 1122 daAuts
     D:1: 1093 daAuts
     D:4: 1006 daAuts
